PAA
MERCER ISLAND SCREAMING EAGLES @ MARQUETTE MINERS
09/21/2021
 
TOP OF THE 1ST
Mercer Island Screaming Eagles batting - Pitching for Marquette Miners : RHP Brad Cunnick
Pitching: RHP Brad Cunnick
Batting: RHB Juan Alba 0-0: Foul Ball, location: 2F
0-1: Called Strike
0-2: Ground out 4-3 (Groundball, 4M)
Batting: RHB Shawn McCormack 0-0: Ball
1-0: Called Strike
1-1: Swinging Strike
1-2: Ball
2-2: Strikes out looking
Batting: RHB Enrique Echevarría 0-0: Ball
1-0: Swinging Strike
1-1: Ball
2-1: Ball
3-1: Base on Balls
Batting: RHB Luis Antonio Hernández 0-0: Called Strike
0-1: Ball
1-1: Ground out 6-3 (Groundball, 6)
Top of the 1st over - 0 run(s), 0 hit(s), 0 error(s), 1 left on base; Mercer Island 0 - Marquette 0
BOTTOM OF THE 1ST
Marquette Miners batting - Pitching for Mercer Island Screaming Eagles : RHP Larry Branch
Pitching: RHP Larry Branch
Batting: RHB Howard Kelly 0-0: Bunt missed!
0-1: Ball
1-1: SINGLE (Groundball, 5S)
Batting: LHB José Ortega 0-0: Called Strike
0-1: Ball
1-1: Ball
2-1: Ball
3-1: Fly out, F9 (Flyball, 9M)
Batting: RHB Pedro Pérez 0-0: Called Strike
0-1: Swinging Strike
0-2: Fly out, F8 (Flyball, 78XD)
Batting: LHB Jorge Flores 0-0: Ball
1-0: Swinging Strike
1-1: Ball
Howard Kelly steals 2nd base
2-1: Ground out 6-3 (Groundball, 6)
Bottom of the 1st over - 0 run(s), 1 hit(s), 0 error(s), 1 left on base; Mercer Island 0 - Marquette 0
TOP OF THE 2ND
Mercer Island Screaming Eagles batting - Pitching for Marquette Miners : RHP Brad Cunnick
Batting: RHB Randy Rehling 0-0: Called Strike
0-1: Ball
1-1: Ground out 6-3 (Groundball, 6)
Batting: SHB Ray Davis 0-0: Ball
1-0: Ball
2-0: Called Strike
2-1: Foul Ball, location: 2F
2-2: Foul Ball, location: 2F
2-2: Ball
3-2: Base on Balls
Batting: SHB León Estrada 0-0: Ball
1-0: Foul Ball, location: 2F
1-1: Fly out, F7 (Flyball, 78S)
Batting: RHB Ted Cook 0-0: Ball
1-0: Foul Ball, location: 2F
1-1: Foul Ball, location: 2F
1-2: Ball
2-2: Foul Ball, location: 2F
2-2: Foul Ball, location: 2F
2-2: Strikes out looking
Top of the 2nd over - 0 run(s), 0 hit(s), 0 error(s), 1 left on base; Mercer Island 0 - Marquette 0
BOTTOM OF THE 2ND
Marquette Miners batting - Pitching for Mercer Island Screaming Eagles : RHP Larry Branch
Batting: RHB Gerald Clark 0-0: Ball
1-0: Ball
2-0: Ball
3-0: Called Strike
3-1: Foul Ball, location: 2F
3-2: DOUBLE (Flyball, 7LM)
Batting: RHB Francis Kelly 0-0: Foul Ball, location: 2F
0-1: Swinging Strike
0-2: Ball
1-2: Ball
2-2: Ground out 6-3 (Groundball, 6)
Batting: RHB Manuel Herrera 0-0: Ball
1-0: Swinging Strike
1-1: Ball
2-1: Called Strike
2-2: Ball
3-2: Ground out 6-3 (Groundball, 6)
Batting: RHB Félix De La Hoya 0-0: Ground out 5-3 (Groundball, 5L)
Bottom of the 2nd over - 0 run(s), 1 hit(s), 0 error(s), 1 left on base; Mercer Island 0 - Marquette 0
TOP OF THE 3RD
Mercer Island Screaming Eagles batting - Pitching for Marquette Miners : RHP Brad Cunnick
Batting: RHB Alan Rosales 0-0: Ball
1-0: Ball
2-0: Called Strike
2-1: Ball
3-1: Base on Balls
Batting: RHB Juan Alba 0-0: Ball
Wild Pitch!
Alan Rosales to second
1-0: Ball
2-0: Ball
3-0: Base on Balls
Batting: RHB Shawn McCormack 0-0: Ball
1-0: SINGLE (Line Drive, 34)
Alan Rosales to third
Juan Alba to second
Batting: RHB Enrique Echevarría 0-0: Ball
1-0: Fielders Choice at 2nd, 6-4 (Groundball, 56)
Alan Rosales scores
Juan Alba to third
Batting: RHB Luis Antonio Hernández Pickoff Throw to First - Out!
0-0: Swinging Strike
0-1: Fly out, F9 (Flyball, 9M)
Top of the 3rd over - 1 run(s), 1 hit(s), 0 error(s), 1 left on base; Mercer Island 1 - Marquette 0
BOTTOM OF THE 3RD
Marquette Miners batting - Pitching for Mercer Island Screaming Eagles : RHP Larry Branch
Batting: RHB Tim Burnett 0-0: Swinging Strike
0-1: Fly out, F7 (Flyball, 7M)
Batting: RHB Howard Kelly 0-0: Fly out, F7 (Flyball, 78S)
Batting: LHB José Ortega 0-0: Ball
1-0: Called Strike
1-1: Ball
2-1: Fly out, F9 (Flyball, 89M)
Bottom of the 3rd over - 0 run(s), 0 hit(s), 0 error(s), 0 left on base; Mercer Island 1 - Marquette 0
TOP OF THE 4TH
Mercer Island Screaming Eagles batting - Pitching for Marquette Miners : RHP Brad Cunnick
Batting: RHB Randy Rehling 0-0: Swinging Strike
0-1: Swinging Strike
0-2: Ball
1-2: Ball
2-2: Strikes out swinging
Batting: SHB Ray Davis 0-0: Foul Ball, location: 2F
0-1: Ball
1-1: Foul Ball, location: 2F
1-2: Foul Ball, location: 2F
1-2: Ball
2-2: Ball
3-2: Ground out 4-3 (Groundball, 4)
Batting: SHB León Estrada 0-0: Called Strike
0-1: Ball
1-1: Fly out, F7 (Flyball, 7M)
Top of the 4th over - 0 run(s), 0 hit(s), 0 error(s), 0 left on base; Mercer Island 1 - Marquette 0
BOTTOM OF THE 4TH
Marquette Miners batting - Pitching for Mercer Island Screaming Eagles : RHP Larry Branch
Batting: RHB Pedro Pérez 0-0: Foul Ball, location: 2F
0-1: Ball
1-1: Ground out 6-3 (Groundball, 6)
Batting: LHB Jorge Flores 0-0: SINGLE (Line Drive, 34D)
Batting: RHB Gerald Clark 0-0: Ball
1-0: Fly out, F7 (Flyball, 8LS)
Batting: RHB Francis Kelly 0-0: Fly out, F7 (Flyball, 7LD)
Bottom of the 4th over - 0 run(s), 1 hit(s), 0 error(s), 1 left on base; Mercer Island 1 - Marquette 0
TOP OF THE 5TH
Mercer Island Screaming Eagles batting - Pitching for Marquette Miners : RHP Brad Cunnick
Batting: RHB Ted Cook 0-0: Called Strike
0-1: Called Strike
0-2: Strikes out swinging
Batting: RHB Alan Rosales 0-0: Ground out 6-3 (Groundball, 6)
Batting: RHB Juan Alba 0-0: Fly out, F2 (Popup, 2L)
Top of the 5th over - 0 run(s), 0 hit(s), 0 error(s), 0 left on base; Mercer Island 1 - Marquette 0
BOTTOM OF THE 5TH
Marquette Miners batting - Pitching for Mercer Island Screaming Eagles : RHP Larry Branch
Batting: RHB Manuel Herrera 0-0: SINGLE (Line Drive, 56D)
Batting: RHB Félix De La Hoya 0-0: Bunt - Flyout! F1
Batting: RHB Tim Burnett 0-0: Called Strike
0-1: Called Strike
0-2: Fly out, F8 (Flyball, 8LM)
Batting: RHB Howard Kelly 0-0: Called Strike
0-1: Ground out 5-3 (Groundball, 5L)
Bottom of the 5th over - 0 run(s), 1 hit(s), 0 error(s), 1 left on base; Mercer Island 1 - Marquette 0
TOP OF THE 6TH
Mercer Island Screaming Eagles batting - Pitching for Marquette Miners : RHP Brad Cunnick
Batting: RHB Shawn McCormack 0-0: Ball
1-0: Ground out 5-3 (Groundball, 5S)
Batting: RHB Enrique Echevarría 0-0: Fly out, F7 (Flyball, 7D)
Batting: RHB Luis Antonio Hernández 0-0: Ball
1-0: Called Strike
1-1: Swinging Strike
1-2: Foul Ball, location: 2F
1-2: Ball
2-2: Strikes out swinging
Top of the 6th over - 0 run(s), 0 hit(s), 0 error(s), 0 left on base; Mercer Island 1 - Marquette 0
BOTTOM OF THE 6TH
Marquette Miners batting - Pitching for Mercer Island Screaming Eagles : RHP Larry Branch
Batting: LHB José Ortega 0-0: Foul Ball, location: 2F
0-1: Ball
1-1: Ball
2-1: Foul Ball, location: 2F
2-2: Strikes out swinging
Batting: RHB Pedro Pérez 0-0: Called Strike
0-1: Fly out, F9 (Flyball, 89M)
Batting: LHB Jorge Flores 0-0: Called Strike
0-1: Swinging Strike
0-2: SOLO HOME RUN (Flyball, 9D), Distance : 386 ft
Batting: RHB Gerald Clark 0-0: Ball
1-0: Ball
2-0: Ball
3-0: Base on Balls
Batting: RHB Francis Kelly 0-0: Called Strike
0-1: Foul Ball, location: 2F
0-2: Ball
1-2: Fielders Choice at 2nd, U6 (Groundball, 6M)
Bottom of the 6th over - 1 run(s), 1 hit(s), 0 error(s), 1 left on base; Mercer Island 1 - Marquette 1
TOP OF THE 7TH
Mercer Island Screaming Eagles batting - Pitching for Marquette Miners : RHP Brad Cunnick
Batting: RHB Randy Rehling 0-0: Swinging Strike
0-1: Ball
1-1: Swinging Strike
1-2: Ball
2-2: Foul Ball, location: 2F
2-2: SINGLE (Line Drive, 4D)
Batting: SHB Ray Davis 0-0: Sac Bunt - play at first, batter OUT! 1-3
Randy Rehling to second
Pinch Hitting: LHB Nelson Plasenia 0-0: Ball
1-0: Called Strike
1-1: Ground out 6-3 (Groundball, 6)
Batting: RHB Ted Cook 0-0: Called Strike
0-1: Called Strike
0-2: Strikes out looking
Top of the 7th over - 0 run(s), 1 hit(s), 0 error(s), 1 left on base; Mercer Island 1 - Marquette 1
BOTTOM OF THE 7TH
Marquette Miners batting - Pitching for Mercer Island Screaming Eagles : RHP Larry Branch
Now at SS: Nelson Plasenia
Batting: RHB Manuel Herrera 0-0: Called Strike
0-1: Called Strike
0-2: Ground out 1-3 (Groundball, 15S)
Pinch Hitting: LHB Alan Hardy 0-0: Foul Ball, location: 2F
0-1: Fly out, F9 (Flyball, 89M)
Pinch Hitting: RHB Wayne Cameron 0-0: Called Strike
0-1: Ball
1-1: Ball
2-1: Called Strike
Reached via error on a dropped throw, E3
Pinch Hitting: RHB Adrian Hale 0-0: Ball
Wayne Cameron is caught stealing 2nd base
Bottom of the 7th over - 0 run(s), 0 hit(s), 1 error(s), 0 left on base; Mercer Island 1 - Marquette 1
TOP OF THE 8TH
Mercer Island Screaming Eagles batting - Pitching for Marquette Miners : RHP Brad Cunnick
Now at 2B: Alan Hardy
Now at SS: Wayne Cameron
Now in LF: Adrian Hale
Batting: RHB Alan Rosales 0-0: Ball
1-0: Fly out, F7 (Flyball, 7M)
Pinch Hitting: RHB Vincente Flores 0-0: Called Strike
0-1: Ground out 5-3 (Groundball, 5L)
Pinch Hitting: RHB P.J. O'Keefe 0-0: Ball
1-0: Foul Ball, location: 2F
1-1: Foul Ball, location: 2F
1-2: SINGLE (Line Drive, 56)
Batting: RHB Enrique Echevarría 0-0: Ball
1-0: Called Strike
1-1: Ball
2-1: DOUBLE (Groundball, 5L)
P.J. O'Keefe to third
Runner from 3rd tries for Home, SAFE, no throw or cutoff
Batting: RHB Luis Antonio Hernández 0-0: Ball
1-0: Ball
2-0: Ground out 6-3 (Groundball, 6)
Top of the 8th over - 1 run(s), 2 hit(s), 0 error(s), 1 left on base; Mercer Island 2 - Marquette 1
BOTTOM OF THE 8TH
Marquette Miners batting - Pitching for Mercer Island Screaming Eagles : RHP Larry Branch
Now at 2B: P.J. O'Keefe
Now in CF: Mike Kelly
Batting: RHB Adrian Hale 0-0: Ball
1-0: Ball
2-0: Foul Ball, location: 2F
2-1: Foul Ball, location: 2F
2-2: SINGLE (Groundball, 56D)
Batting: LHB José Ortega 0-0: Called Strike
0-1: Bunted foul
0-2: Ball
1-2: Foul Ball, location: 2F
1-2: Foul Ball, location: 2F
1-2: Foul Ball, location: 2F
1-2: Ball
2-2: Foul Ball, location: 2F
2-2: Ball
3-2: Base on Balls
Adrian Hale to second
Batting: RHB Pedro Pérez 0-0: Ball
1-0: Ball
2-0: Called Strike
2-1: Fly out, F7 (Flyball, 7D)
Runner from 2nd tags up, SAFE at 3rd, no throw
Batting: LHB Jorge Flores 0-0: Swinging Strike
0-1: Ball
1-1: Foul Ball, location: 2F
1-2: Ball
2-2: Strikes out swinging
Batting: RHB Gerald Clark 0-0: Ball
1-0: Fielders Choice at 2nd, U6 (Groundball, 6M)
Bottom of the 8th over - 0 run(s), 1 hit(s), 0 error(s), 2 left on base; Mercer Island 2 - Marquette 1
TOP OF THE 9TH
Mercer Island Screaming Eagles batting - Pitching for Marquette Miners : RHP Brad Cunnick
Pitching: RHP Gabriel Rodríguez
Batting: RHB Randy Rehling 0-0: Called Strike
0-1: Foul Ball, location: 2F
0-2: Ball
1-2: Strikes out swinging
Batting: SHB Ray Davis 0-0: Ball
1-0: Ball
2-0: Ball
3-0: Base on Balls
Batting: LHB Nelson Plasenia 0-0: Ball
1-0: Foul Ball, location: 2F
1-1: Ball
2-1: Ball
3-1: Swinging Strike
3-2: Ground out 3-1 (Groundball, 34)
Ray Davis to second
Batting: RHB Ted Cook 0-0: Ball
1-0: Called Strike
1-1: Foul Ball, location: 2F
1-2: DOUBLE (Flyball, 78M)
Ray Davis scores
Batting: RHB Alan Rosales 0-0: Called Strike
0-1: Ball
1-1: Foul Ball, location: 2F
1-2: Strikes out looking
Top of the 9th over - 1 run(s), 1 hit(s), 0 error(s), 1 left on base; Mercer Island 3 - Marquette 1
BOTTOM OF THE 9TH
Marquette Miners batting - Pitching for Mercer Island Screaming Eagles : RHP Larry Branch
Pitching: RHP Alejandro Arteaga
Batting: RHB Francis Kelly 0-0: Called Strike
0-1: Foul Ball, location: 2F
0-2: Ball
1-2: Fly out, F2 (Popup, 2R)
Batting: RHB Manuel Herrera 0-0: Ball
1-0: Foul Ball, location: 2F
1-1: Ball
2-1: Ball
3-1: Called Strike
3-2: Base on Balls
Batting: LHB Alan Hardy 0-0: Ball
1-0: Ball
2-0: Ball
3-0: Called Strike
3-1: Foul Ball, location: 2F
3-2: Strikes out swinging
Manuel Herrera is caught stealing 2nd base
Batter strikes out.
Bottom of the 9th over - 0 run(s), 0 hit(s), 0 error(s), 0 left on base; Mercer Island 3 - Marquette 1
This league is powered by Out of the Park Baseball, the baseball management simulation game for PC, Mac and Linux
Friday, January 22nd, 2016 - OOTP Baseball 16.9 Build 39